 Dungeon Crawl Stone Soup version 0.28.0-45-g0d030f2227 (webtiles) character file.

Game seed: 2526000734239405785

81 Peloso the Shield-Bearer (level 4, -2/40 HPs)
             Began as a Minotaur Fighter on Apr 3, 2022.
             Killed by divine providence
             ... invoked by an orc priest
              (17 damage)
             ... on level 2 of the Dungeon.
             The game lasted 00:02:30 (1589 turns).

Peloso the Shield-Bearer (Minotaur Fighter)         Turns: 1589, Time: 00:02:30

Health: -2/40      AC:  8    Str: 21    XL:     4   Next: 19%
Magic:  3/3        EV:  9    Int:  5    God:
Gold:   24         SH:  4    Dex: 11    Spells: 3/3 levels left

rFire   . . .      SeeInvis .   a - +0 long sword
rCold   . . .      Faith    .   h - +0 buckler
rNeg    . . .      Spirit   .   c - +0 scale mail
rPois   .          Reflect  .   (helmet restricted)
rElec   .          Harm     .   (no cloak)
rCorr   .          Rampage  .   (no gloves)
Will    .....                   g - +0 pair of boots
Stlth   ..........              (no amulet)
HPRegen 0.13/turn               (no ring)
MPRegen 0.08/turn               (no ring)

@: no status effects
A: horns 2, retaliatory headbutt
a: no special abilities


You were on level 2 of the Dungeon.
You visited 1 branch of the dungeon, and saw 2 of its levels.

You collected 24 gold pieces.

Inventory:

Hand Weapons
 a - a +0 long sword (weapon)
 b - a +3 short sword
Armour
 c - a +0 scale mail (worn)
 g - a +0 pair of boots (worn)
 h - a +0 buckler (worn)
Jewellery
 i - a ring of resist corrosion
Scrolls
 e - a scroll of immolation
Potions
 d - a potion of might
 f - a potion of degeneration {unknown}


   Skills:
 + Level 4.2 Fighting
 + Level 3.5 Long Blades
 + Level 4.2 Armour
 + Level 0.7 Dodging
 + Level 4.3 Shields


You had 3 spell levels left.
You didn't know any spells.
Your spell library was empty.

Dungeon Overview and Level Annotations

Branches:
Dungeon (2/15)

Altars:


Innate Abilities, Weirdness & Mutations

You have a pair of horns on your head.
You reflexively headbutt those who attack you in melee.


Message History

The hobgoblin hits you but does no damage.
You hit the hobgoblin.
The hobgoblin is heavily wounded.
The hobgoblin hits you but does no damage. x2
You closely miss the hobgoblin. You headbutt the hobgoblin.
You kill the hobgoblin!
i - a ring of resist corrosion An orc comes into view.
It is wielding a +0 whip and wearing a +1 leather armour of willpower.
The orc shouts!
You hear a shout!
Found a scroll labelled FEWKAU RACUO.
A rat comes into view.
A bat comes into view.
The bat moves out of view.
The orc hits you but does no damage.
You slash the orc!
You kill the orc!
The bat hits you but does no damage.
You closely miss the bat. The bat hits you but does no damage.
The bat barely misses you. The rat barely misses you. You furiously retaliate!
You headbutt the rat.
You kill the rat!
The bat barely misses you.
An orc priest comes into view. It is wielding a +0 dagger.
You closely miss the bat.
The orc priest shouts!
You headbutt the bat.
You kill the bat!
The orc priest calls down the wrath of Beogh upon you.
Beogh smites you!
Items here: ) [ ††.
The orc priest calls down the wrath of Beogh upon you.
Pain shoots through your body!
An orc comes into view. It is wielding a +0 club.
The orc shouts!
The orc priest hits you but does no damage.
You slash the orc priest! Your headbutt misses the orc priest.
The orc priest is heavily wounded.
The orc priest mumbles some strange prayers to Beogh against you.
Beogh smites you!
You die...

.≈≈≈≈§.≈≈§≈≈.≈≈§ ≈.≈§≈§
.......§......§ .....§
§§≈≈≈≈.§≈≈§≈.§§ ≈.≈≈≈
.≈# #§.≈# #§.§# ≈.≈# §≈#
#§.≈# #§.≈# ≈.≈#
.≈###≈.≈###≈.≈###§.≈###≈
.≈≈§≈≈.§≈≈§≈.§§≈§§.≈≈≈≈§
.............)..@o......
.≈≈≈≈≈.≈§§≈≈†≈≈≈≈§o≈§≈≈≈
.§###≈.≈###≈.≈###≈.≈###§
.≈# #§.≈# #§.≈# §.§#
†≈###≈.≈###≈.≈# ≈.≈#
.≈≈≈≈§.≈§≈≈§.≈≈≈ §§§≈≈
....†.......§..§§......
...####.###.##.####.###
.....##.


You could see an orc priest and an orc.

Vanquished Creatures
  A gnoll (D:1)
  A worm (D:2)
  3 dart slugs
  An orc (D:2)
  3 ball pythons
  4 bats
  5 endoplasms
  3 giant cockroaches (D:1)
  6 goblins
  5 hobgoblins
  3 jackals (D:1)
  3 kobolds
  4 quokkas
  5 frilled lizards
  8 rats
55 creatures vanquished.

Notes
Turn   | Place    | Note
-------+----------+-------------------------------------------
     0 | D:1      | Peloso the Minotaur Fighter began the quest for the Orb.
     0 | D:1      | Reached XP level 1. HP: 19/19 MP: 0/0
    23 | D:1      | Reached XP level 2. HP: 20/27 MP: 1/1
   188 | D:1      | Reached XP level 3. HP: 23/33 MP: 2/2
  1128 | D:2      | Found a faded altar of an unknown god.
  1363 | D:2      | Reached XP level 4. HP: 40/40 MP: 3/3
  1589 | D:2      | Killed from afar by an orc priest

Illustrated notes

Levels and vault maps discovered:
D:1:      minmay_arrival_five_plusses, layout_loops_ring, minmay_tromino_v4_a
D:2:      layout_loops_corners, chequers_ecumenical_altar_twisty,
          kennysheep_boxes

Skill      XL: |  1  2  3 |
---------------+----------+-----
Shields        | 4 |  4.3
Fighting       | 4 |  4.2
Armour         | 4 |  4.2
Long Blades    | 3 |  3.5
Dodging        | |  0.7

Action                   |  1- 3 |  4- 6 || total
-------------------------+-------+-------++-------
Melee: Long sword        |    89 |    17 ||   106
       Headbutt          |     9 |     2 ||    11
  Use: Scroll            |     3 |       ||     3
Armor: Scale mail        |    55 |    12 ||    67
Dodge: Dodged            |    44 |     9 ||    53
Block: Buckler           |    19 |     7 ||    26
